 Dungeon Crawl Stone Soup version 0.23.0 (webtiles) character file.

Game seed: 9205250820104557771

2406 theswoord the Carver (level 9, -2/111 (112) HPs)
             Began as a Naga Berserker on Feb 13, 2019.
             Was an Elder of Trog.
             Slain by a raiju (9 damage)
             ... on level 2 of the Abyss.
             The game lasted 00:13:35 (7468 turns).

theswoord the Carver (Naga Berserker)               Turns: 7468, Time: 00:13:35

HP:   -2/111 (112)  AC:  9    Str: 27    XL:     9   Next: 47%
MP:   9/9           EV:  8    Int:  8    God:    Trog [****..]
Gold: 438           SH:  0    Dex: 13    Spells: 8/8 levels left

rFire    . . .     SeeInvis +   w - +0 long sword
rCold    . . .     Gourm    .   (no shield)
rNeg     . . .     Faith    .   e - +1 scale mail
rPois    +         Spirit   .   (helmet restricted)
rElec    .         Reflect  .   (no cloak)
rCorr    .         Harm     .   (no gloves)
MR       +....                  (no barding)
Stlth    ..........             (no amulet)
HPRegen  0.28/turn              (no ring)
MPRegen  0.11/turn              (no ring)

@: berserking, quick
A: large, horns 1, molten scales 1, see invisible, deformed body, sense
surroundings 1, poison resistance, slowness 2, slow metabolism 1, spit poison 1,
strong 1, AC +3
a: Spit Poison, Berserk, Trog's Hand, Brothers in Arms, Renounce Religion


You were on level 2 of the Abyss.
You worshipped Trog.
Trog was greatly pleased with you.
You were hungry.

You visited 1 branch of the dungeon, and saw 7 of its levels.
You visited the Abyss 1 time.

You collected 438 gold pieces.

Inventory:

Hand Weapons
 a - a +1 falchion
 w - a +0 long sword (weapon)
Armour
 b - a +0 animal skin
 e - a +1 scale mail (worn)
 x - a +2 hat
Wands
 u - a wand of paralysis (5)
Scrolls
 d - 2 scrolls of fog
 i - 9 scrolls of remove curse
 k - 3 scrolls of teleportation
 l - 3 scrolls of identify
 t - 2 scrolls of fear
Potions
 f - a potion of heal wounds
 h - a potion of agility
 j - 2 potions of flight
 m - a potion of lignification
 n - a potion of degeneration
 o - 3 potions of curing
 q - a potion of resistance
 r - a potion of ambrosia {unknown}
 s - a potion of might
Comestibles
 c - 11 rations


   Skills:
 - Level 3.0 Fighting
 + Level 12.4 Long Blades
 - Level 1.5 Armour
 - Level 1.5 Dodging


You had 8 spell levels left.
You didn't know any spells.
Your spell library was empty.

Dungeon Overview and Level Annotations

Branches:
Dungeon (7/15)             Temple (0/1) D:4

Altars:
Fedhas
Makhleb
Okawaru
Ru

Shops:
D:5 [

Annotations:
D:7 1 transporter


Innate Abilities, Weirdness & Mutations

You cannot wear boots.
Your serpentine skin is tough. (AC +3)
You have supernaturally acute eyesight. (SInv)
Armour fits poorly on your strangely shaped body.
Your system is resistant to poisons. (rPois)
You cover ground very slowly.
You have a slow metabolism.
You can spit poison.
You have a pair of small horns on your head.
You are partially covered in molten scales. (AC +2)
You passively map a small area around you.
Your muscles are strong. (Str +2)


Message History

* * * LOW HITPOINT WARNING * * *
The raiju shocks you!
* * * LOW HITPOINT WARNING * * *
You barely miss the raiju. You headbutt the raiju. You closely miss the raiju.
The raiju bites you but does no damage.
You closely miss the raiju.
The raiju bursts into living lightning!
The living lightning misses you.
The living lightning hits the raiju.
The raiju completely resists.
The living lightning hits the raiju.
The raiju completely resists.
The raiju blinks! x4
You hit the raiju.
A tentacled starspawn comes into view.
The raiju bursts into living lightning!
The living lightning hits you!
* * * LOW HITPOINT WARNING * * *
The living lightning misses you.
The raiju blinks!
You hit the raiju. The raiju bites you.
* * * LOW HITPOINT WARNING * * *
The raiju shocks you!
You die...

#.#...#.h . ##.
. #.##...h# .#.
# . # ......
#X.##.#
#####....#.#..#
..#.. #.#..##.
#..##.#..##.#
#...##§...#.
.##.h####.# ##
#@........#
#§......##.#
#h###.#..# .#
..# #.#.## #
..#. #. #. .# #
. . .. # # .#


You could see a tentacled starspawn and 2 raiju.

Vanquished Creatures
  Pikel (D:6)
  Grinder (D:5)
  Sigmund (D:5)
  2 orc warriors
  A slave (D:6)
  A black bear (D:6)
  A necrophage (D:6)
  3 ogres
  A phantom (D:3)
  A big kobold (D:7)
  2 bullfrogs
  A water moccasin skeleton (D:5)
  A howler monkey (D:4)
  A crimson imp (D:7)
  3 hounds
  2 centaur skeletons
  A jelly (D:5)
  An orc priest (D:6)
  Ijyb (D:5)
  2 iguanas
  2 orc wizards
  A worker ant (D:6)
  A hound zombie (D:6)
  2 gnolls (D:7)
  6 adders
  An ufetubus (Abyss:1)
  3 adder zombies
  3 worms
  4 leopard geckos
  16 orcs
  3 ball pythons
  7 giant cockroaches
  8 goblins
  11 hobgoblins
  8 jackals
  15 kobolds
  2 quokkas
  5 bats
  8 frilled lizards
  A leopard gecko zombie (D:6)
  8 rats
143 creatures vanquished.

Vanquished Creatures (others)
  A lurking horror (Abyss:2)
1 creature vanquished.

Grand Total: 144 creatures vanquished

Notes
Turn   | Place    | Note
-------+----------+-------------------------------------------
     0 | D:1      | theswoord the Naga Berserker began the quest for the Orb.
     0 | D:1      | Reached XP level 1. HP: 21/21 MP: 1/1
    21 | D:1      | Noticed a merfolk zombie
   104 | D:1      | Reached XP level 2. HP: 5/28 MP: 2/2
   105 | D:1      | Found a blossoming altar of Fedhas.
   967 | D:2      | Reached skill level 4 in Long Blades
   984 | D:2      | Reached XP level 3. HP: 34/34 MP: 3/3
   997 | D:2      | HP: 1/34 [worm (8)]
  1004 | D:2      | Reached ** piety under Trog
  1647 | D:2      | Reached XP level 4. HP: 39/42 MP: 4/4
  2061 | D:2      | Reached skill level 5 in Long Blades
  2468 | D:3      | Found a burning altar of Makhleb.
  3135 | D:4      | Noticed an ogre
  3135 | D:4      | Noticed an orc warrior
  3135 | D:4      | Noticed a phantom
  3193 | D:3      | Killed a phantom
  3193 | D:3      | Reached skill level 6 in Long Blades
  3193 | D:3      | Reached XP level 5. HP: 14/49 MP: 5/5
  3419 | D:3      | Killed an ogre
  3419 | D:3      | Reached XP level 6. HP: 28/56 MP: 6/6
  3744 | D:3      | Killed an orc warrior
  3744 | D:3      | Reached skill level 7 in Long Blades
  4081 | D:4      | Reached XP level 7. HP: 41/62 MP: 7/7
  4112 | D:4      | Found a staircase to the Ecumenical Temple.
  4325 | D:4      | Reached skill level 8 in Long Blades
  4331 | D:4      | Reached *** piety under Trog
  4587 | D:5      | Entered Level 5 of the Dungeon
  4822 | D:5      | Noticed Ijyb
  4834 | D:5      | Killed Ijyb
  4852 | D:5      | Found Sebyejoig's Antique Armour Emporium.
  4866 | D:5      | Noticed Grinder
  4881 | D:5      | Killed Grinder
  4881 | D:5      | Reached skill level 9 in Long Blades
  4881 | D:5      | Reached XP level 8. HP: 69/69 MP: 8/8
  4956 | D:5      | Noticed Sigmund
  4962 | D:5      | Killed Sigmund
  4962 | D:5      | Reached skill level 10 in Long Blades
  5754 | D:6      | Noticed Pikel
  5764 | D:6      | Killed Pikel
  5764 | D:6      | Reached skill level 11 in Long Blades
  5800 | D:6      | Found a sacrificial altar of Ru.
  5929 | D:6      | Reached XP level 9. HP: 64/74 MP: 9/9
  6359 | D:6      | Reached **** piety under Trog
  6516 | D:6      | Gained mutation: You have a pair of small horns on your
                  | head. [potion of mutation]
  6516 | D:6      | Gained mutation: You are partially covered in molten
                  | scales. (AC +2) [potion of mutation]
  6516 | D:6      | Gained mutation: Your muscles are strong. (Str +2) [potion
                  | of mutation]
  6516 | D:6      | Gained mutation: You passively map a small area around you.
                  | [potion of mutation]
  6695 | D:7      | Found a transporter.
  6697 | D:7      | Noticed a troll
  6733 | D:7      | Reached skill level 12 in Long Blades
  6801 | D:7      | Found an iron altar of Okawaru.
  7369 | D:7      | Cast into level 1 of the Abyss (gnoll)
  7370 | Abyss:1  | Found a corrupted altar of Lugonu.
  7467 | Abyss:2  | Noticed a tentacled starspawn
  7468 | Abyss:2  | Slain by a raiju

Skill      XL: |  1  2  3  4  5  6  7  8  9 |
---------------+----------------------------+-----
Long Blades    | 4 6 7 9 11 12 | 12.4
Fighting       | |  3.0
Armour         | |  1.5
Dodging        | |  1.5

Action                   |  1- 3 |  4- 6 |  7- 9 || total
-------------------------+-------+-------+-------++-------
Melee: Falchion          |   112 |   125 |   184 ||   421
       Long sword        |       |       |   127 ||   127
       Headbutt          |       |       |    19 ||    19
Invok: Berserk           |     1 |     2 |     6 ||     9
 Abil: Spit Poison       |     3 |     4 |     7 ||    14
  Use: Scroll            |     5 |     5 |     7 ||    17
       Potion            |     1 |     1 |     2 ||     4
  Eat: Chunk             |     1 |     7 |    14 ||    22
       Ration            |       |     1 |       ||     1
Armor: Scale mail        |    46 |    59 |   119 ||   224
Dodge: Dodged            |    62 |    64 |   107 ||   233
       Rpst.: Falchion   |    22 |    14 |    17 ||    53
       Long sword        |       |       |    10 ||    10

Levels and vault maps discovered:
D:1:      shiori_arrival_whats_in_store_for_you, layout_basic,
          minmay_hexomino_r4
D:2:      layout_basic
D:3:      layout_basic, first_ration, bloody_makhleb
D:4:      layout_basic, minmay_temple_entry_gardened_gates,
          portal_sewer_entry_b, chequers_serial_rivers_large_b
D:5:      layout_cave_pods, serial_shops, kennysheep_mini_moat,
          serial_bayou_lake_a, uniq_ijyb, uniq_sigmund, uniq_grinder
D:6:      layout_loops_corners, basic_altar, serial_rivers,
          chequers_serial_rivers_micro_b, chequers_serial_rivers_room_b,
          chequers_serial_rivers_room_b, chequers_serial_rivers_micro_b,
          minmay_quadrilaterals, uniq_pikel
D:7:      gammafunk_beogh_shrine, layout_cave_pools, zin_treasury,
          okawaru_ov_weapons_minmay
Abyss:1
Abyss:2
